 Dungeon Crawl Stone Soup version 0.27.1-35-g4d5d836560 (webtiles) character file.

Game seed: 9380249679980700381

1083 cbfl8 the Covered (level 8, 0/69 HPs)
             Began as a Minotaur Delver on Mar 22, 2022.
             Slain by a gnoll (2 damage)
             ... on level 5 of the Dungeon on Mar 23, 2022.
             The game lasted 00:11:04 (6117 turns).

cbfl8 the Covered (Minotaur Delver)                 Turns: 6117, Time: 00:11:05

Health: 0/69       AC: 10    Str: 17    XL:     8   Next: 8%
Magic:  2/2        EV:  4    Int:  7    God:
Gold:   174        SH:  0    Dex: 14    Spells: 7/7 levels left

rFire    . . .     SeeInvis .   p - +2 mace (antimagic)
rCold    . . .     Faith    .   A - +0 buckler {reflect}
rNeg     . . .     Spirit   .   l - +0 chain mail
rPois    .         Reflect  +   (helmet restricted)
rElec    .         Harm     .   (no cloak)
rCorr    .         Rampage  .   (no gloves)
Will     .....                  (no boots)
Stlth    ..........             (no amulet)
HPRegen  0.21/turn              (no ring)
MPRegen  0.08/turn              (no ring)

@: attractive, held
A: horns 2, retaliatory headbutt
a: no special abilities


You were on level 5 of the Dungeon.
You visited 1 branch of the dungeon, and saw 5 of its levels.

You collected 174 gold pieces.

Inventory:

Hand Weapons
 a - a +0 hand axe
 p - a +2 antimagic mace (weapon)
Armour
 b - a +0 leather armour
 h - a +0 ring mail
 l - a +0 chain mail (worn)
 A - a +0 buckler of reflection (worn)
Wands
 g - a wand of digging (3)
 m - a wand of iceblast (15)
 r - a wand of flame (6)
 y - a wand of mindburst (7)
Scrolls
 c - a scroll of fog
 d - a scroll of enchant weapon {unknown}
 e - a scroll of fear
 i - a scroll of teleportation {unknown}
 n - a scroll of blinking {unknown}
 q - a scroll of brand weapon {unknown}
 v - 2 scrolls of identify {unknown}
 x - 2 scrolls of torment {unknown}
Potions
 f - a potion of haste
 j - 2 potions of mutation {unknown}
 k - a potion of cancellation
 o - 2 potions of attraction
 s - a potion of brilliance {unknown}
 t - a potion of curing {unknown}
 u - 2 potions of invisibility {unknown}
 w - a potion of lignification {unknown}
 z - a potion of ambrosia {unknown}


   Skills:
 + Level 5.5 Fighting
 + Level 3.6(5.1) Axes
 + Level 5.5(6.1) Maces & Flails
 + Level 5.9 Armour
 + Level 3.2 Dodging
 + Level 5.5 Stealth
 + Level 0.4 Shields
 + Level 0.3 Evocations


You had 7 spell levels left.
You didn't know any spells.
Your spell library contained the following spells:

 Spells                   Type           Power      Damage    Failure   Level
 Summon Guardian Golem    Hex/Summ       0%         N/A       100%        3
 Starburst                Conj/Fire      0%         6d3       100%        6


Dungeon Overview and Level Annotations

Branches:
Dungeon (5/15)
 Temple: D:4-7

Altars:
Makhleb

Annotations:
D:3 1 runed translucent door, Crazy Yiuf


Innate Abilities, Weirdness & Mutations

You have a pair of horns on your head.
You reflexively headbutt those who attack you in melee.


Message History

The gnoll hits you from afar with a +0 spear.
You sock the gnoll!
The gnoll is severely wounded.
The gnoll hits you with a +0 club. The gnoll hits you but does no damage.
You barely miss the gnoll.
The gnoll is severely wounded.
The gnoll hits you but does no damage. The gnoll hits you with a +0 club.
You barely miss the gnoll.
The gnoll is severely wounded.
The gnoll hits you but does no damage. The gnoll completely misses you.
The gnoll hits you with a +0 club. The gnoll completely misses you.
You thump the gnoll!
You kill the gnoll!
The gnoll hits you from afar with a +0 spear.
You hit the gnoll.
The gnoll is moderately wounded.
You block the gnoll's attack. The gnoll hits you with a +0 club.
You sock the gnoll! You headbutt the gnoll.
You kill the gnoll!
The gnoll throws a throwing net.
The throwing net hits you.
You become entangled in the net!
The gnoll hits you from afar with a +0 spear.
* * * LOW HITPOINT WARNING * * *
You struggle against the net.
The gnoll hits you from afar with a +0 spear.
* * * LOW HITPOINT WARNING * * *
You struggle against the net.
The gnoll hits you with a +0 vorpal flail.
* * * LOW HITPOINT WARNING * * *
x2 The gnoll hits you but does no damage.
It was a potion of attraction.
You feel attractive to monsters. The gnoll barely misses you.
You furiously retaliate!
You headbutt the gnoll.
The gnoll hits you from afar with a +0 spear!
* * * LOW HITPOINT WARNING * * *
It was a potion of cancellation.
Your magical effects are unravelling.
You feel magically purged. The gnoll hits you but does no damage.
The gnoll hits you from afar with a +0 spear.
You die...

### #.. ######## #.#
.........#####.#
........$...$#.#########
....#### ###....@g......
..+##≈≈###≈#.#.###g.....
..#≈≈≈≈≈≈'≈#...# #+#####
..#≈≈≈≈≈≈'.#.#.# ....#
..†##≈≈###≈#.#.#.....#
....#### ### #.#.....#
.......... #.....#
...####... #.##### ...#
. #.#


You could see 2 gnolls.

Vanquished Creatures
  2 black bears
  An ogre (D:4)
  A centaur (D:4)
  A phantom (D:4)
  A kobold brigand (D:4)
  2 scorpions (D:4)
  A gnoll sergeant (D:5)
  2 hounds
  2 bullfrog skeletons (D:5)
  Terence (D:2)
  Natasha (D:2)
  An orc wizard (D:5)
  7 gnolls (D:5)
  A river rat (D:5)
  7 adders
  An ufetubus (D:4)
  2 adder skeletons
  3 worms
  3 dart slugs
  5 orcs
  7 ball pythons
  3 bats
  5 endoplasms
  2 giant cockroaches
  9 goblins
  3 hobgoblins
  3 kobolds
  5 quokkas
  3 frilled lizards
  4 rats
89 creatures vanquished.

Notes
Turn   | Place    | Note
-------+----------+-------------------------------------------
     0 | D:5      | cbfl8 the Minotaur Delver began the quest for the Orb.
     0 | D:5      | Reached XP level 1. HP: 19/19 MP: 0/0
    37 | D:5      | Reached XP level 2. HP: 24/27 MP: 1/1
    78 | D:5      | Reached XP level 3. HP: 16/33 MP: 2/2
    80 | D:5      | Reached skill level 5 in Stealth
   210 | D:5      | Noticed an ogre
   213 | D:5      | Reached XP level 4. HP: 34/40 MP: 3/3
   435 | D:3      | Found a burning altar of Makhleb.
   437 | D:3      | Noticed an Executioner
   512 | D:3      | Noticed a neqoxec
   512 | D:3      | Noticed an orange demon
  1064 | D:1      | Reached XP level 5. HP: 45/46 MP: 4/4
  1717 | D:1      | Got the Grimoire of Beguiling and Heat
  1927 | D:2      | Noticed Terence
  1941 | D:2      | Killed Terence
  1942 | D:2      | Reached skill level 1 in Armour
  2579 | D:2      | Noticed Natasha
  2584 | D:2      | Killed Natasha
  2585 | D:2      | Reached skill level 1 in Maces & Flails
  3181 | D:3      | Found a faded altar of an unknown god.
  3229 | D:3      | Found a runed translucent door.
  3230 | D:3      | Noticed Crazy Yiuf
  3619 | D:4      | Noticed a black bear
  3622 | D:4      | Killed a black bear
  3622 | D:4      | Noticed a phantom
  3623 | D:4      | Reached XP level 6. HP: 53/53 MP: 1/5
  4022 | D:4      | Reached XP level 7. HP: 47/60 MP: 2/6
  4711 | D:4      | Reached skill level 5 in Fighting
  4928 | D:4      | Reached skill level 5 in Armour
  5214 | D:5      | Reached skill level 5 in Maces & Flails
  5562 | D:5      | HP: 1/61 [black bear (5)]
  6098 | D:5      | Reached XP level 8. HP: 54/69 MP: 2/7
  6116 | D:5      | HP: 2/69 [gnoll (8)]
  6117 | D:5      | Slain by a gnoll

Illustrated notes

Levels and vault maps discovered:
D:1:      ncdulo_lavacross, layout_basic, minivault_5
D:2:      layout_loops_ring, uniq_terence, uniq_natasha
D:3:      layout_basic, makhleb_altar_promises_db,
          ebering_ecumenical_altar_petrified, kennysheep_generic_room_7,
          uniq_crazy_yiuf_cottage
D:4:      layout_basic
D:5:      layout_basic, temple_fountains, gup_sewer_entry_bowl,
          grunt_ministairs_9

Skill      XL: |  1  2  3  4  5  6  7 |
---------------+----------------------+-----
Fighting       | 4 5 |  5.5
Stealth        | 5 |  5.5
Axes           | 3 |  3.6
Armour         | 2 4 5 |  5.9
Maces & Flails | 2 3 5 |  5.5
Dodging        | 3 |  3.2
Shields        | |  0.4
Evocations     | |  0.3

Action                   |  1- 3 |  4- 6 |  7- 9 || total
-------------------------+-------+-------+-------++-------
Melee: Hand axe          |    13 |    44 |       ||    57
       Headbutt          |     7 |    17 |    15 ||    39
       Mace              |       |    84 |    98 ||   182
Evoke: Wand              |       |     2 |       ||     2
  Use: Scroll            |       |     2 |       ||     2
       Potion            |       |       |     2 ||     2
 Stab: Sleeping          |       |     2 |       ||     2
Armor: Ring mail         |     8 |    16 |       ||    24
       Chain mail        |       |    68 |    67 ||   135
Dodge: Dodged            |    16 |    82 |    61 ||   159
Block: Buckler           |       |       |    10 ||    10
